 Dungeon Crawl Stone Soup version 0.16-a0-3062-g2c62648 (webtiles) character file.

18130 stonewall the Cleaver (level 12, -9/95 HPs)
             Began as a Mummy Arcane Marksman on Dec 10, 2014.
             Was a High Priest of Trog.
             Mangled by a komodo dragon (21 damage)
             ... on level 3 of the Lair of Beasts.
             The game lasted 00:38:23 (21106 turns).

stonewall the Cleaver (Mummy Arcane Marksman)      Turns: 21106, Time: 00:38:23

Health: -9/95      AC: 20    Str: 18    XL:     12   Next: 25%
Magic:  15/15      EV:  6    Int: 12    God:    Trog [*****.]
Gold:   604        SH:  0    Dex: 11    Spells: 0 memorised, 13 levels left

rFire  . . .     SeeInvis .     a - +4 hand axe (chop)
rCold  . . .     Clarity  .     y - +0 plate armour
rNeg   + + +     SustAb   .     (no shield)
rPois  ∞         Gourm    .     (no helmet)
rElec  .         Spirit   .     v - +0 cloak
rCorr  .         Warding  +     M - +0 pair of gloves
rMut   .         Stasis   .     H - +2 pair of boots
MR     +++..                    j - amulet of warding
Stlth  ..........               K - ring of fire
                                E - ring of invisibility

@: regenerating, extremely resistant to hostile enchantments, extremely
unstealthy
A: no food or potions, fire vulnerability, restore body, cold resistance 1,
negative energy resistance 3, poison resistance, torment resistance, unbreathing
a: Burn Spellbooks, Trog's Hand, Brothers in Arms, Renounce Religion, Evoke
Invisibility


You were on level 3 of the Lair of Beasts.
You worshipped Trog.
Trog was extremely pleased with you.
You were not hungry.

You visited 3 branches of the dungeon, and saw 15 of its levels.

You collected 646 gold pieces.
You spent 42 gold pieces at shops.

Inventory:

Hand weapons
 a - a +4 hand axe of chopping (weapon)
 c - a cursed -1 whip
 d - a +0 broad axe
 l - the +8 falchion of Capital Punishment {freeze, Str-4 Int+3, unknown}
   (You found it on level 2 of the Lair of Beasts)

   It has been specially enchanted to freeze those struck by it, causing extra
   injury to most foes and up to double damage against particularly susceptible
   opponents.
   It can also slow down cold-blooded creatures.
   It affects your strength (-4).
   It affects your intelligence (+3).
 x - a +2 quarterstaff of chaos
 B - the +7 rapier of Defiance {flame, rElec rN+}
   (You found it on level 10 of the Dungeon)

   It emits flame when wielded, causing extra injury to most foes and up to
   double damage against particularly susceptible opponents.
   It insulates you from electricity.
   It protects you from negative energy.
 F - a +0 hunting sling
Missiles
 f - 534 stones (quivered)
 n - 68 sling bullets
 p - 16 sling bullets of frost
Armour
 g - a +1 leather armour
 h - a +0 robe
 m - a +0 cloak
 o - a +0 scale mail
 q - a +0 chain mail
 t - a +1 pair of boots
 v - a +0 cloak (worn)
 y - a +0 plate armour (worn)
 H - a +2 pair of boots (worn)
 M - a +0 pair of gloves (worn)
Rods
 b - a +0 rod of ignition (14/14)
   (You found it on level 9 of the Dungeon)
 N - a +0 rod of ignition (10/10)
   (You found it on level 10 of the Dungeon)
Jewellery
 j - an amulet of warding (around neck)
 k - an uncursed ring of magical power
 s - an uncursed ring of ice
 w - an uncursed amulet of the gourmand
 A - an uncursed ring of stealth
 C - an uncursed ring of positive energy
 E - a ring of invisibility (left hand)
 G - an uncursed ring of teleport control
 K - a ring of fire (right hand)
 L - an uncursed ring of ice
 X - an uncursed ring of magical power
Magical devices
 D - a wand of cold (0)
 I - a wand of fire (0)
 P - a wand of digging (6)
 Q - a wand of paralysis (0)
 S - a wand of disintegration (11)
 V - a wand of flame (25)
Scrolls
 e - 2 scrolls of fog
 i - 2 scrolls of noise
 r - 7 scrolls of remove curse
 u - 4 scrolls of identify
 z - a scroll of enchant armour
 J - a scroll of enchant weapon
 R - a scroll of vulnerability {unknown}
 U - a scroll of brand weapon {unknown}
 W - a scroll of teleportation
Books
 O - a book of Changes

   Spells                             Type                      Level
   a - Beastly Appendage              Transmutation                1
   b - Sticks to Snakes               Transmutation                2
   c - Spider Form                    Transmutation/Poison         3
   d - Ice Form                       Ice/Transmutation            4
   e - Blade Hands                    Transmutation                5
   Trog disapproves of the use of such an item.
 T - a book of Callings

   Spells                             Type                      Level
   a - Summon Small Mammal            Summoning                    1
   b - Call Imp                       Summoning                    2
   c - Call Canine Familiar           Summoning                    3
   d - Summon Guardian Golem          Hexes/Summoning              4
   e - Summon Lightning Spire         Summoning/Air                4
   f - Summon Ice Beast               Ice/Summoning                4
   Trog disapproves of the use of such an item.


   Skills:
 + Level 9.3 Fighting
 - Level 12.0 Axes
 - Level 1.5 Slings
 * Level 9.3 Armour
 - Level 1.5 Dodging
 - Level 1.0 Spellcasting
   Level 2.6 Hexes


You had 13 spell levels left.
You didn't know any spells.

Dungeon Overview and Level Annotations

Branches:
Dungeon (11/15)            Temple (1/1) D:4            Lair (3/8) D:11
  Swamp (0/5) Lair:3
  Snake: Lair:3-6    Spider: Lair:3-6       Orc: D:9-12

Altars:
Ashenzari
Cheibriados
Dithmenos
Elyvilon
Fedhas
Gozag
Kikubaaqudgha
Makhleb
Nemelex Xobeh
Okawaru
Qazlal
Ru
Sif Muna
Trog
Vehumet
Xom
Yredelemnul
Zin
The Shining One

Shops:
D:4 *

Annotations:
D:3 exclusion: downstairs
D:9 exclusion: upstairs
D:11 Nessos
Lair:1 exclusion: 2 downstairs
Lair:2 exclusion: upstairs


Innate Abilities, Weirdness & Mutations

You do not eat or drink.
Your flesh is vulnerable to fire.
Your flesh is cold resistant.
You are immune to negative energy.
Your system is resistant to poisons.
You are immune to unholy pain and torment.
You can survive without breathing.


Message History

Aim: a komodo dragon (almost dead)
The puff of flame hits the komodo dragon.
The komodo dragon appears unharmed.
The komodo dragon is almost dead.
Evoking this partially-identified wand wasted a few charges.
The komodo dragon bites you!
* * * LOW HITPOINT WARNING * * *
Unknown command.
Unknown command.
Unknown command.
Unknown command.
Read which item? (? for menu, Esc to quit)
Okay, then.
Use which ability? (? or * to list)
Your skin crawls.
You feel resistant to hostile enchantments.
An adder comes into view.
The adder moves out of view.
The komodo dragon bites you!!
You die...

........##.............## #......
.#.P.P#.#...P..#...##P.# #......
#....}.##.....#..#####.# ##.####
.#P.#.###.....##.### ### ###
..........._.......###
...................#.## ###
.......##...S.P..#....#### ###P#
.......###..##....##.....####....
.......# #####..@####......##....
.......## #..l## ###.#.##.....
........# ##..# ###........
.......P# ##.## #...#....
........# #..# ####.###.
####...## ##.## ####.. ##..###
#P..# #.. #....# #..## ###
###..## ##.P#### #########


You could see a komodo dragon and an adder.

Vanquished Creatures
  Fannar (Lair:1)
  A hill giant (D:10)
  A cyclops (D:8)
  A spiny frog (Lair:1)
  A gargoyle (D:11)
  A torpor snail (Lair:3)
  3 black mambas
  3 komodo dragons
  2 trolls (D:10)
  3 polar bears (Lair:2)
  A basilisk (Lair:3)
  9 blink frogs
  A human (D:7)
  23 yaks
  A hippogriff (Lair:1)
  A mottled dragon (D:10)
  6 water moccasins
  3 porcupines
  3 ice beasts
  3 orc warriors
  4 sky beasts
  7 black bears
  A necrophage (D:6)
  A phantom (D:7)
  7 ogres
  An eye of draining (D:8)
  2 centaurs
  6 crocodiles
  11 giant frogs
  Duvessa (D:6)
  A gnoll sergeant (D:10)
  3 scorpions
  A goliath beetle (D:5)
  Dowan (D:6)
  3 giant frog zombies
  2 crimson imps
  Crazy Yiuf (D:6)
  4 orc priests
  3 jellies
  A centaur skeleton (D:9)
  2 giant frog skeletons
  A gnoll shaman (D:9)
  4 iguanas
  4 orc wizards
  6 hounds
  6 worker ants
  4 sheep (D:7)
  A hound zombie (D:5)
  A hound skeleton (D:9)
  A worker ant zombie (D:5)
  10 gnolls
  13 adders
  A giant mite (D:5)
  14 river rats
  3 worms
  An adder zombie (D:7)
  2 adder skeletons
  8 giant geckos
  An ooze (D:5)
  30 orcs
  15 bats
  3 bat skeletons
  A bat zombie (D:8)
  4 giant cockroaches
  11 goblins
  10 hobgoblins
  8 jackals
  A ball python (D:3)
  A giant cockroach zombie (D:5)
  3 giant newts
  A giant spore (D:8)
  22 kobolds
  7 quokkas
  10 rats
  A ballistomycete (D:8)
  A bush (Lair:1)
  3 fungi
344 creatures vanquished.

Vanquished Creatures (collateral kills)
  A spiny frog (Lair:1)
  4 komodo dragons (Lair:3)
  2 yaks (Lair:3)
  A crocodile (Lair:3)
8 creatures vanquished.

Vanquished Creatures (others)
  A wizard (D:10)
  An iguana (D:8)
  A shadow imp (D:8)
  An adder (D:8)
  3 fungi
  2 plants
9 creatures vanquished.

Grand Total: 361 creatures vanquished

Notes
Turn   | Place    | Note
--------------------------------------------------------------
     0 | D:1      | stonewall, the Mummy Arcane Marksman, began the quest for the Orb.
     0 | D:1      | Reached XP level 1. HP: 15/15 MP: 2/2
   441 | D:1      | Reached XP level 2. HP: 22/22 MP: 3/3
  1004 | D:2      | Reached skill level 3 in Fighting
  1025 | D:2      | Reached XP level 3. HP: 24/29 MP: 4/4
  2105 | D:2      | Reached XP level 4. HP: 27/37 MP: 5/5
  2152 | D:2      | Reached skill level 4 in Fighting
  2843 | D:4      | Noticed an ogre
  3262 | D:3      | Reached skill level 5 in Fighting
  3262 | D:3      | Reached XP level 5. HP: 18/44 MP: 7/7
  3886 | D:4      | Found Thrucs' General Store.
  3901 | D:4      | Bought a scroll of teleportation for 42 gold pieces
  3935 | D:4      | Reached skill level 1 in Axes
  4120 | D:4      | Noticed an ogre
  4497 | D:4      | Killed an ogre
  4497 | D:4      | Reached XP level 6. HP: 51/51 MP: 8/8
  4508 | D:4      | Killed an ogre
  5095 | D:4      | Found a staircase to the Ecumenical Temple.
  5402 | Temple   | Entered the Ecumenical Temple
  5497 | Temple   | Became a worshipper of Trog the Wrathful
  5562 | D:5      | Entered Level 5 of the Dungeon
  5665 | D:5      | Reached XP level 7. HP: 48/56 MP: 9/9
  5866 | D:5      | Found a blossoming altar of Fedhas.
  5910 | D:5      | Acquired Trog's first power
  6142 | D:5      | Reached skill level 5 in Axes
  6743 | D:6      | Noticed Dowan
  6780 | D:6      | Noticed Duvessa
  6823 | D:6      | Killed Dowan
  6823 | D:6      | Reached skill level 6 in Axes
  7370 | D:5      | Reached XP level 8. HP: 29/62 MP: 10/10
  7607 | D:6      | Noticed Crazy Yiuf
  7631 | D:6      | Killed Crazy Yiuf
  7847 | D:6      | Reached skill level 7 in Axes
  7897 | D:6      | Killed Duvessa
  8597 | D:7      | Reached skill level 8 in Axes
  8832 | D:7      | Acquired Trog's second power
  9364 | D:7      | Reached skill level 9 in Axes
  9364 | D:7      | Reached XP level 9. HP: 44/68 MP: 11/11
  9862 | D:8      | Noticed a cyclops
  9936 | D:9      | Identified a +0 rod of ignition (14/14) (You found it on level 9 of the Dungeon)
  9966 | D:9      | Identified a scroll of acquirement
 10014 | D:8      | Killed a cyclops
 10195 | D:8      | Reached skill level 10 in Axes
 11765 | D:9      | Reached skill level 11 in Axes
 12583 | D:9      | Reached XP level 10. HP: 66/74 MP: 13/13
 12626 | D:10     | Entered Level 10 of the Dungeon
 12760 | D:10     | Acquired Trog's third power
 13677 | D:10     | Noticed a hill giant
 13699 | D:10     | Killed a hill giant
 13699 | D:10     | Reached skill level 12 in Axes
 13920 | D:10     | Found a bloodstained altar of Trog.
 13934 | D:10     | Noticed a wizard
 13941 | D:10     | Killed a wizard
 14022 | D:10     | Got a faintly glowing rapier
 14026 | D:10     | Identified the +7 rapier of Defiance {flame, rElec rN+} (You found it on level 10 of the Dungeon)
 14053 | D:10     | Reached skill level 1 in Armour
 14088 | D:11     | Noticed Nessos
 14088 | D:11     | Found a staircase to the Lair.
 14937 | Lair:1   | Entered Level 1 of the Lair of Beasts
 16482 | Lair:1   | Identified a +0 rod of ignition (10/10) (You found it on level 10 of the Dungeon)
 16566 | Lair:1   | Noticed Fannar
 16611 | Lair:1   | Killed Fannar
 16611 | Lair:1   | Reached skill level 5 in Armour
 16611 | Lair:1   | Reached XP level 11. HP: 42/83 MP: 14/14
 18271 | Lair:2   | Got a jewelled falchion
 18899 | Lair:2   | Noticed an eight-headed hydra
 19400 | Lair:2   | Noticed an eight-headed hydra
 19587 | Lair:3   | Found a glowing silver altar of Zin.
 19754 | Lair:3   | Received a gift from Trog
 19831 | Lair:3   | Found a staircase to the Swamp.
 19935 | Lair:3   | Reached XP level 12. HP: 33/94 MP: 15/15
 21088 | Lair:3   | HP: 4/95 [komodo dragon (10)]
 21106 | Lair:3   | Mangled by a komodo dragon

Action                   |  1- 3 |  4- 6 |  7- 9 | 10-12 || total
-------------------------+-------+-------+-------+-------++-------
Melee: Unarmed           |       |     8 |       |       ||     8
       Hand axe          |       |   127 |   563 |   895 ||  1585
       Broad axe         |       |       |     6 |     4 ||    10
 Fire: Hunting sling     |   181 |   157 |    33 |       ||   371
Invok: Burn Spellbooks   |       |       |     1 |     1 ||     2
       Trog's Hand       |       |       |       |     2 ||     2
       Brothers in Arms  |       |       |       |     2 ||     2
Evoke: Wand              |       |       |     4 |     7 ||    11
       Rod               |       |       |     3 |    14 ||    17
  Use: Scroll            |     8 |     2 |    12 |     8 ||    30
 Stab: Invisible         |       |       |     2 |       ||     2
       Paralysed         |       |       |       |     4 ||     4
       Fleeing           |       |       |       |     2 ||     2
